 Dungeon Crawl Stone Soup version 0.29.1-1-gd02db6906a (webtiles) character file.

Game seed: 23046351911220260

6475 hawla the Frost Mage (level 11, -2/117 HPs)
             Began as a Meteoran Fire Elementalist on Oct 17, 2022.
             Slain by an elephant (6 damage)
             ... on level 1 of the Lair of Beasts.
             The game lasted 00:26:20 (4920 turns).

hawla the Frost Mage (Meteoran Fire Elementalist)   Turns: 4920, Time: 00:26:21

Health: -2/117     AC: 29    Str:  9    XL:     11   Next: 42%
Magic:  2/30       EV:  2    Int: 22    God:
Gold:   387        SH:  0    Dex: 15    Spells: 8/22 levels left

rFire   . . .      SeeInvis .   w - +4 great sword
rCold   . . .      Faith    .   (shield currently unavailable)
rNeg    . . .      Spirit   .   (body armour currently unavailable)
rPois   +          Reflect  .   (helmet currently unavailable)
rElec   .          Harm     .   (cloak currently unavailable)
rCorr   .          Rampage  .   (gloves currently unavailable)
Will    +....      NoTele   +   (boots currently unavailable)
Stlth   +.........              (no amulet)
HPRegen 0.29/turn               e - +4 ring of protection
MPRegen 0.22/turn               q - ring of magical power

@: mighty, brilliant, tree-form, glowing
A: stationary, stasis, torment immunity, boosted hp, sense surroundings 2,
otherworldly, glowing, explore regen
a: no special abilities


You were on level 1 of the Lair of Beasts.
You were a tree.
You visited 3 branches of the dungeon, and saw 10 of its levels.
You also visited: Ossuary.

You collected 387 gold pieces.

Inventory:

Hand Weapons
 w - a +4 great sword (weapon)
Armour
 b - a +2 helmet (melded)
 m - a +1 pair of gloves (melded)
 x - a +0 cloak (melded)
 y - +0 steam dragon scales (melded)
Magical Staves
 p - a staff of air
Jewellery
 e - a +4 ring of protection (left branch)
 f - a +6 ring of strength
 i - a ring of positive energy
 q - a ring of magical power (right branch)
Wands
 h - a wand of iceblast (18) (quivered)
Scrolls
 n - 3 scrolls of amnesia
 u - a scroll of silence
 v - a scroll of fog
Potions
 c - 2 potions of attraction
 g - 3 potions of flight
 l - 2 potions of resistance {unknown}
 o - a potion of mutation {unknown}
 t - a potion of haste {unknown}


   Skills:
 - Level 1.4 Fighting
 - Level 4.3 Dodging
 - Level 1.4 Stealth
 - Level 6.3 Spellcasting
 - Level 5.2 Conjurations
 - Level 8.7 Fire Magic
 + Level 14.0 Ice Magic


You had 8 spell levels left.
You knew the following spells:

 Your Spells              Type           Power      Damage    Failure   Level
a - Foxfire               Conj/Fire      100%       2x1d9     1%          1
b - Scorch                Fire           100%       2d10      1%          2
c - Ozocubu's Refrigerat  Ice            40%        4d16      24%         7
d - Flame Wave            Conj/Fire      54%        2d13      4%          4

Your spell library contained the following spells:

 Spells                   Type           Power      Damage    Failure   Level
 Magic Dart               Conj           100%       1d8       1%          1
 Searing Ray              Conj           90%        2d7       1%          2
 Conjure Flame            Conj/Fire      54%        6-21      1%          3
 Ozocubu's Armour         Ice            80%        N/A       1%          3
 Inner Flame              Hex/Fire       39%        N/A       4%          3
 Slow                     Hex            40%        N/A       9%          1
 Confusing Touch          Hex            10%        N/A       26%         3
 Vampiric Draining        Necr           10%        2d6       26%         3
 Fulminant Prism          Conj/Hex       13%        3d9       30%         4


Dungeon Overview and Level Annotations

Branches:
Dungeon (8/15) Zot: 619    Temple (1/1) D:4 Zot: 482    Lair (1/5) D:8 Zot: 112
Ossuary (visited)

Altars:
Ashenzari
Cheibriados
Dithmenos
Elyvilon
Fedhas
Gozag
Hepliaklqana
Kikubaaqudgha
Nemelex Xobeh
Okawaru
Qazlal
Ru
Sif Muna
Trog
Uskayaw
Wu Jian
Xom
Yredelemnul
Zin
The Shining One


Innate Abilities, Weirdness & Mutations

You are a tree.
Your roots penetrate the ground, keeping you stationary.
You cannot be teleported.
You are immune to unholy pain and torment.
Your maximum health is greatly increased.
Your equipment is partially melded.
You passively map the area around you.
You are easily found by Zot.
You glow in the dark.
You regain HP and MP as you explore.


Message History

The elephant tramples you!
* * * LOW HITPOINT WARNING * * *
The elephant trunk-slaps you but does no damage.
The elephant tramples you but does no damage.
The elephant trunk-slaps you but does no damage.
The elephant tramples you but does no damage.
The elephant trunk-slaps you but does no damage.
You feel clever all of a sudden. The elephant tramples you.
* * * LOW HITPOINT WARNING * * *
The elephant trunk-slaps you but does no damage.
The elephant tramples you but does no damage.
The elephant trunk-slaps you but does no damage.
Casting: Flame Wave (dangerous; 4% risk of failure)
Confirm with . or Enter, or press ? or * to list all spells.
Casting: Flame Wave (dangerous; 4% risk of failure)
Press: ? - help, Dir - look around, f - activate You feel a surge of power!
A wave of flame ripples out!
The flame wave engulfs the elephant!
The elephant is moderately wounded.
The flame wave engulfs the elephant but does no damage. (Press . to intensify the flame waves.)
The elephant tramples you but does no damage.
The elephant trunk-slaps you but does no damage.
The elephant tramples you but does no damage.
The elephant trunk-slaps you but does no damage.
A wave of flame ripples out!
The flame wave engulfs the elephant.
The elephant is heavily wounded.
The flame wave engulfs the elephant but does no damage.
The elephant tramples you.
* * * LOW HITPOINT WARNING * * *
The elephant barely misses you.
The elephant tramples you but does no damage.
The elephant trunk-slaps you but does no damage.
A wave of flame ripples out!
The flame wave engulfs the elephant!
The elephant is heavily wounded.
The flame wave engulfs the elephant.
The elephant is lightly wounded.
You finish channelling waves of flame.
The elephant tramples you.
You die...

# ###..# ####†## ### ##....#
###P######### ### ##.'########
#.........#.###..
.#.........######.........##..'..
.#..###.#...#.÷.'.........##.....
...#.......#Y..##.........'..##..
.##..####Y##.###YY........#####..
.#...#.Y...#.# #♣.........# #..
.##.#..#.#...# ###.###+.### ###
.......#...### ###*..##
##'P######## *#.# #....# ## ...*
####'##.## *... * * #.Y.....#
###+.###### #.......# *
#.......... ** *# #.Y.....#
,,+.......... ..


You could see 2 elephants.

Vanquished Creatures
  3 elephants (Lair:1)
  A black mamba (Lair:1)
  Maggie (D:7)
  Prince Ribbit (D:7)
  Sigmund (D:4)
  A wraith (D:6)
  2 yaks (Lair:1)
  A steam dragon (D:7)
  A warg (D:8)
  4 water moccasins
  Pargi (D:3)
  A black bear (Lair:1)
  2 ogres (D:5)
  A phantom (D:4)
  2 bullfrogs
  2 scorpions
  8 wights
  2 jellies (D:6)
  3 hounds
  7 orc priests
  Crazy Yiuf (D:7)
  A gnoll bouda (D:6)
  2 human zombies (Ossuary)
  10 orc wizards
  4 iguanas
  Terence (D:2)
  4 mummies (Ossuary)
  7 adders
  10 gnolls
  A white imp (D:7)
  An adder zombie (Ossuary)
  40 orcs
  3 bats
  6 endoplasms
  5 giant cockroaches
  3 gnoll zombies (Ossuary)
  4 goblins
  2 hobgoblins
  3 jackals (D:3)
  4 quokkas
  2 ball pythons
  A frilled lizard (D:1)
  A goblin zombie (Ossuary)
  6 kobolds
  A kobold zombie (Ossuary)
  3 orc zombies (Ossuary)
  2 rats (D:1)
  A rat zombie (Ossuary)
174 creatures vanquished.

Vanquished Creatures (collateral kills)
  A komodo dragon (Lair:1)
  4 yaks (Lair:1)
  A warg (D:8)
  An orc warrior (D:8)
  2 howler monkeys (D:8)
  A jelly (D:8)
  3 foxfires (Lair:1)
13 creatures vanquished.

Vanquished Creatures (others)
  226 foxfires
  8 fungi (D:6)
  3 plants
237 creatures vanquished.

Grand Total: 424 creatures vanquished

Notes
Turn   | Place    | Note
-------+----------+-------------------------------------------
     0 | D:1      | hawla the Meteoran Fire Elementalist began the quest for
                  | the Orb.
     0 | D:1      | Reached XP level 1. HP: 14/14 MP: 5/5
   102 | D:1      | Reached XP level 2. HP: 20/20 MP: 3/6
   500 | D:1      | Glimpsed the power of Zot.
   576 | D:2      | Noticed Terence
   644 | D:2      | Reached XP level 3. HP: 20/26 MP: 6/8
   647 | D:2      | Learned a level 2 spell: Scorch
   750 | D:2      | Killed Terence
   751 | D:2      | Reached XP level 4. HP: 13/33 MP: 0/10
   754 | D:2      | Learned a level 2 spell: Searing Ray
  1077 | D:2      | Glimpsed the power of Zot.
  1338 | D:3      | Learned a level 4 spell: Flame Wave
  1378 | D:3      | Reached skill level 5 in Fire Magic
  1378 | D:3      | Reached XP level 5. HP: 23/38 MP: 0/11
  1381 | D:3      | Identified the +7 sling of Big Damage {flame, Dex+5}
  1442 | D:3      | Noticed Pargi
  1448 | D:3      | Killed Pargi
  1449 | D:3      | Reached XP level 6. HP: 45/45 MP: 5/12
  1677 | D:3      | Glimpsed the power of Zot.
  1825 | D:4      | Found a sand-covered staircase.
  1837 | D:4      | Reached XP level 7. HP: 37/50 MP: 0/13
  1854 | Ossuary  | Entered an ossuary
  2040 | D:4      | Found a staircase to the Ecumenical Temple.
  2049 | Temple   | Entered the Ecumenical Temple
  2280 | D:4      | Noticed Sigmund
  2309 | D:4      | Killed Sigmund
  2310 | D:4      | Reached XP level 8. HP: 48/58 MP: 1/16
  2555 | D:4      | Glimpsed the power of Zot.
  2568 | D:5      | Entered Level 5 of the Dungeon
  2580 | D:5      | Reached skill level 5 in Spellcasting
  2587 | D:5      | Reached skill level 5 in Conjurations
  2609 | D:5      | Reached skill level 1 in Fighting
  2729 | D:5      | Found a hide-covered altar of Uskayaw.
  2882 | D:5      | Found an ancient bone altar of Kikubaaqudgha.
  2886 | D:5      | Gained mutation: You passively map the area around you.
                  | [Meteoran growth]
  2886 | D:5      | Reached XP level 9. HP: 33/64 MP: 12/19
  2890 | D:5      | Found a glowing golden altar of the Shining One.
  2890 | D:5      | Found a shimmering altar of Xom.
  2891 | D:5      | Found a stormy altar of Qazlal.
  2894 | D:5      | Found a broken altar of Ashenzari.
  3054 | D:6      | Learned a level 7 spell: Ozocubu's Refrigeration
  3076 | D:6      | Reached skill level 1 in Ice Magic
  3098 | D:6      | Reached skill level 2 in Ice Magic
  3193 | D:6      | Reached skill level 3 in Ice Magic
  3263 | D:6      | Reached skill level 4 in Ice Magic
  3269 | D:6      | Reached skill level 5 in Ice Magic
  3370 | D:6      | Reached skill level 6 in Ice Magic
  3713 | D:6      | Reached skill level 7 in Ice Magic
  3756 | D:6      | Glimpsed the power of Zot.
  3777 | D:7      | Noticed Prince Ribbit
  3790 | D:7      | Killed Prince Ribbit
  3791 | D:7      | Reached XP level 10. HP: 72/72 MP: 11/20
  3899 | D:7      | Reached skill level 8 in Ice Magic
  3990 | D:7      | Reached skill level 9 in Ice Magic
  4043 | D:7      | Noticed Maggie
  4049 | D:7      | Killed Maggie
  4139 | D:7      | Found a runed translucent door.
  4142 | D:7      | Noticed Crazy Yiuf
  4151 | D:7      | Killed Crazy Yiuf
  4357 | D:7      | Glimpsed the power of Zot.
  4386 | D:8      | Reached skill level 10 in Ice Magic
  4401 | D:8      | Found a staircase to the Lair.
  4414 | D:8      | Reached skill level 11 in Ice Magic
  4424 | D:8      | Noticed a two-headed ogre
  4436 | Lair:1   | Entered Level 1 of the Lair of Beasts
  4449 | Lair:1   | Noticed a komodo dragon
  4463 | Lair:1   | Killed a komodo dragon
  4469 | Lair:1   | Reached skill level 12 in Ice Magic
  4479 | Lair:1   | Reached XP level 11. HP: 16/78 MP: 14/21
  4631 | Lair:1   | Noticed a black mamba
  4641 | Lair:1   | Killed a black mamba
  4817 | Lair:1   | Reached skill level 13 in Ice Magic
  4834 | Lair:1   | Noticed an elephant
  4834 | Lair:1   | Noticed an elephant
  4834 | Lair:1   | Noticed an elephant
  4834 | Lair:1   | Noticed an elephant
  4834 | Lair:1   | Noticed an elephant
  4878 | Lair:1   | Killed an elephant
  4888 | Lair:1   | HP: 1/78 [elephant (11)]
  4912 | Lair:1   | Killed an elephant
  4915 | Lair:1   | Killed an elephant
  4916 | Lair:1   | Reached skill level 14 in Ice Magic
  4919 | Lair:1   | HP: 3/117 [elephant (6)]
  4920 | Lair:1   | Slain by an elephant

Illustrated notes

Levels and vault maps discovered:
D:1:      dpeg_arrival_long_road, layout_loops_ring
D:2:      layout_loops_ring, uniq_terence
D:3:      layout_basic, bh_walls_and_bars, uniq_pargi
D:4:      layout_loops_ring, temple_fountains, nicolae_ossuary_entry_ruins,
          uniq_sigmund
D:5:      layout_cave_pools, minitemple,
          nicolae_uskayaw_murder_on_the_dancefloor
D:6:      layout_loops_cross, serial_aquarium, aquarium_bridge_island_small
          [aquarium_subvault_small_open, aquarium_subvault_window,
          aquarium_subvault_balcony, aquarium_subvault_bridge,
          aquarium_subvault_wall], aquarium_window_1, aquarium_window_corner,
          aquarium_view_2a, aquarium_pool_five
D:7:      layout_gridville, uniq_prince_ribbit1, uniq_maggie,
          uniq_crazy_yiuf_cottage
D:8:      layout_loops_ring, makhleb_grotto_becter, erik_lair_orcish_takeover,
          grunt_decor_one_mirror, eino_tiny_chamber
Temple:   nicolae_temple_two_arcs
Lair:1:   layout_roguey, wad_woods_03

Skill      XL: |  1  2  3  4  5  6  7  8  9 10 11 |
---------------+----------------------------------+-----
Spellcasting   | 3 4 6 |  6.3
Fire Magic     | 4 5 6 7 8 |  8.7
Dodging        | 3 4 |  4.3
Conjurations   | 2 3 4 5 |  5.2
Fighting       | 1 |  1.4
Ice Magic      | 7 12 14 | 14.0
Stealth        | |  1.4

Action                   |  1- 3 |  4- 6 |  7- 9 | 10-12 || total
-------------------------+-------+-------+-------+-------++-------
Melee: Unarmed           |    16 |     8 |    26 |     8 ||    58
       Punch             |     1 |       |       |       ||     1
       Great sword       |       |       |       |     9 ||     9
 Cast: Foxfire           |    35 |    16 |    67 |    13 ||   131
       Scorch            |     2 |     8 |    53 |    36 ||    99
       Searing Ray       |       |    12 |     7 |       ||    19
       Flame Wave        |       |     2 |    13 |    16 ||    31
       Ozocubu's Refrige |       |       |       |     2 ||     2
  Use: Scroll            |     8 |     3 |    10 |     4 ||    25
       Potion            |     1 |       |     4 |     9 ||    14
Armor: Robe              |    10 |     3 |    34 |     9 ||    56
       Steam dragon scal |       |       |       |    38 ||    38
       Skin              |       |       |       |    33 ||    33
Dodge: Dodged            |    25 |    16 |    43 |    57 ||   141
